 Dungeon Crawl Stone Soup version 0.31-a0-188-g5e087ee2ca (webtiles) character file.

Game seed: 10719620920313236090

39 qw the Shooter (level 3, 0/20 HPs)
             Began as a Deep Elf Hunter on June 23, 2023.
             Slain by a goblin
             ... wielding a +0 dagger
             ... led by Robin
              (4 damage)
             ... on level 2 of the Dungeon.
             The game lasted 00:00:19 (925 turns).

qw the Shooter (Deep Elf Hunter)                     Turns: 925, Time: 00:00:19

Health: 0/20       AC:  5    Str: 10    XL:     3   Next: 26%
Magic:  5/5        EV: 11    Int: 13    God:
Gold:   86         SH:  0    Dex: 18    Spells: 2/2 levels left

rFire   . . .        Y - +0 shortbow
rCold   . . .        (shield currently unavailable)
rNeg    . . .        m - +0 ring mail
rPois   .            (no helmet)
rElec   .            (no cloak)
rCorr   .            (no gloves)
SInv    .            (no boots)
Will    .....        (no amulet)
Stlth   +            (no ring)
HPRegen 0.23/turn    (no ring)
MPRegen 0.09/turn

%: no passive effects
@: no status effects
A: no striking features
a: no special abilities


You were on level 2 of the Dungeon.
You visited 1 branch of the dungeon, and saw 2 of its levels.

You collected 86 gold pieces.


   Skills:
 - Level 1.5 Fighting
 + Level 6.8 Ranged Weapons
 - Level 2.4 Dodging
 - Level 1.2 Stealth


You had 2 spell levels left.
You didn't know any spells.
Your spell library was empty.

Inventory:

Hand Weapons
 Y - a +0 shortbow (weapon)
Armour
 m - a +0 ring mail (worn)
Jewellery
 g - a ring of ice
Scrolls
 a - a scroll of immolation {unknown}
Potions
 d - a potion of invisibility {unknown}
 h - a potion of mutation {unknown}
 j - a potion of magic {unknown}
 k - a potion of degeneration {unknown}

Dungeon Overview and Level Annotations

Branches:
Dungeon (2/15)

Altars:

Annotations:
D:2 Robin


Message History

The goblins go into a battle-frenzy!
The goblin hits you with a +0 dagger. x2
You shoot an arrow. The arrow completely misses the goblin.
Robin says, "My goblins will feast on your bones."
The goblin misses you. The goblin barely misses you.
The goblin closely misses you. The goblin hits you with a +0 dagger.
The goblin hits you but does no damage. The goblin misses you.
A goblin comes into view. It is wielding a +0 dagger.
916 ||| Stepping ~*~*~tactically~*~*~ (outnumbered).
The goblin misses you.
Enter note:
Enter note: You shoot an arrow.
The arrow barely misses the goblin.
The goblin closely misses you.
You shoot an arrow. The arrow barely misses the goblin.
The goblin hits you with a +0 dagger. The goblin closely misses you.
The goblin hits you with a +0 dagger.
You shoot an arrow. The arrow hits the goblin!
You kill the goblin!
The goblin hits you with a +0 dagger. The goblin barely misses you.
You shoot an arrow. The arrow barely misses the goblin.
The goblin hits you with a +0 dagger. The goblin closely misses you.
The goblin hits you but does no damage.
The goblin hits you with a +0 dagger. x2
The goblin misses you.
You shoot an arrow.
The arrow hits the goblin but does no damage.
The goblin closely misses you. The goblin hits you but does no damage.
The goblin closely misses you.
You shoot an arrow. The arrow misses the goblin.
The goblin misses you. The goblin hits you but does no damage.
The goblin misses you.
You shoot an arrow. The arrow hits the goblin.
You kill the goblin!
The goblin hits you but does no damage. x2
You shoot an arrow. The arrow hits the goblin.
You kill the goblin!
The goblin hits you with a +0 dagger. The goblin hits you but does no damage.
You shoot an arrow. The arrow closely misses the goblin.
The goblin hits you with a +0 dagger.
You die...

#### ..# #### ### #..
.....#######..
g#.###.######.....##...
..gg)g......####.......
#gg.......%.#.....
#@g.......###.....
#......##..##.....
#......###........
........... ####....
##.......##.# #.#..
#........# .# .....
...#......# #
.####.#####


You could see 4 goblins.

Vanquished Creatures
  An adder (D:2)
  3 ball pythons
  2 endoplasms
  10 goblins
  4 hobgoblins (D:1)
  A quokka (D:1)
  A bat (D:2)
  A frilled lizard (D:2)
  2 kobolds (D:1)
  A rat (D:2)
26 creatures vanquished.

Notes
Turn   | Place    | Note
-------+----------+-------------------------------------------
     0 | D:1      | qw the Deep Elf Hunter began the quest for the Orb.
     0 | D:1      | Reached XP level 1. HP: 12/12 MP: 3/3
     0 | D:1      | 0 ||| qw: Version: 0.3-a-9-g12657ce
     0 | D:1      | 0 ||| qw: Game counter: 4068
     0 | D:1      | 0 ||| qw: Always use a shield: true
     0 | D:1      | 0 ||| qw: God list: Okawaru
     0 | D:1      | 0 ||| qw: Allow faded altars: false
     0 | D:1      | 0 ||| qw: Do Orc after D:15 true
     0 | D:1      | 0 ||| qw: Do second Lair branch before Depths: true
     0 | D:1      | 0 ||| qw: Lair rune preference: random
     0 | D:1      | 0 ||| qw: Plans: Normal
     0 | D:1      | 0 ||| PLANNING D:1-11
   134 | D:1      | Found a faded altar of an unknown god.
   236 | D:1      | Reached XP level 2. HP: 16/16 MP: 4/4
   237 | D:1      | Reached skill level 6 in Ranged Weapons
   762 | D:1      | 762 ||| UPGRADING to +0 ring mail.
   772 | D:1      | 772 ||| DROPPING +0 leather armour.
   773 | D:1      | 773 ||| READING scroll labelled SUICAWOYNE.
   774 | D:1      | 774 ||| READING scroll labelled UROUMI HOXKAC.
   775 | D:1      | 775 ||| READING scroll labelled OKULICSUPLA.
   776 | D:1      | 776 ||| READING scroll labelled NOLAOM YMU.
   777 | D:1      | 777 ||| READING scroll labelled ANAPIPHAFFI.
   778 | D:1      | 778 ||| DROPPING scroll of butterflies.
   850 | D:2      | Reached XP level 3. HP: 16/20 MP: 5/5
   913 | D:2      | Identified the +1 helmet of Egalitarianism {*Corrode Int+3
                  | Slay+4}
   913 | D:2      | Noticed Robin
   916 | D:2      | 916 ||| Stepping ~*~*~tactically~*~*~ (outnumbered).
   920 | D:2      | HP: 5/20 [goblin/+0 dagger[Robin] (3)]
   925 | D:2      | Slain by a goblin

Levels and vault maps discovered:
D:1:      shiori_arrival_oz, layout_loops_ring, shapermc_ecumenical_altar_ellora
D:2:      layout_rooms, minivault_27, chequers_decorated_corner, uniq_robin

Skill      XL: |  1  2 |
---------------+-------+-----
Ranged Weapons | 6 |  6.8
Fighting       | |  1.5
Dodging        | |  2.4
Stealth        | |  1.2

Action                     || total
---------------------------++-------
   Fire: Shortbow          ||    70
    Use: Scroll            ||     5
 Armour: Leather armour    ||     1
         Ring mail         ||    12
  Dodge: Dodged            ||    30

Table legend:
 A = Non-vault XP
 B = Vault XP
 C = Vault XP percentage of total XP
 D = Non-vault monster count
 E = Vault monster count
 F = Vault count percentage of total count
                 A         B        C        D         E       F
            +---------+---------+-------+---------+---------+-------
      Total |      45 |      11 |  19.6 |      20 |       6 |  23.1
            +---------+---------+-------+---------+---------+-------
        D:1 |      25 |       1 |   3.8 |      14 |       1 |   6.7
        D:2 |      20 |      10 |  33.3 |       6 |       5 |  45.5
            +---------+---------+-------+---------+---------+-------
